 Dungeon Crawl Stone Soup version 0.29.1-15-g9cfb28693d (webtiles) character file.

Game seed: 16351372755658011287

110516 DemonSlayer the Thaumaturge (level 16, -1/108 HPs)
             Began as a Demonspawn Earth Elementalist on Feb 22, 2023.
             Was the Champion of Cheibriados.
             Slain by a wolf spider (6 damage)
             ... on level 1 of the Spider Nest.
             The game lasted 01:43:28 (35407 turns).

DemonSlayer the Thaumaturge (DsEE)                 Turns: 35407, Time: 01:43:29

Health: -1/108     AC: 13    Str: 32    XL:     16   Next: 7%
Magic:  43/53      EV: 17    Int: 37    God:    Cheibriados [******]
Gold:   1566       SH:  0    Dex: 31    Spells: 1/43 levels left

rFire   . . .      SeeInvis .   d - +9 dagger (spect)
rCold   + . .      Faith    .   I - +1 tower shield {rC+}
rNeg    . . .      Spirit   .   G - +1 leather armour "Ticveecs" {Fly Regen+ Stlth-}
rPois   .          Reflect  .   J - +3 hat of Pondering {ponderous, Will+ MP+10 Int+5}
rElec   .          Harm     .   s - +0 cloak
rCorr   +          Rampage  .   (gloves unavailable)
Will    ++...                   K - +0 pair of boots of Absence {rCorr Str+3}
Stlth   ..........              t - amulet of regeneration
HPRegen 1.88/turn               u - ring of magical power
MPRegen 0.33/turn               H - +4 ring of slaying

@: confused, flying, slowed, very slow
A: molten scales 2, ignite blood 1, spiny 2, demonic touch 3
a: Renounce Religion, Bend Time, Temporal Distortion, Slouch, Step From Time


You were on level 1 of the Spider Nest.
You worshipped Cheibriados.
Cheibriados was exalted by your worship.
You visited 5 branches of the dungeon, and saw 25 of its levels.
You also visited: Sewer, Gauntlet and Ice Cave.

You collected 3714 gold pieces.
You spent 2148 gold pieces at shops.

Inventory:

Hand Weapons
 d - a +9 spectral dagger (weapon)
 S - the +8 lajatang "Dafiles" {freeze, rElec Int+3}
   (You bought it in a shop on level 1 of the Orcish Mines)

   It freezes those it strikes, dealing additional cold damage.
   It can also slow down cold-blooded creatures.
   Int:       It affects your intelligence (+3).
   rElec:     It insulates you from electricity.
Missiles
 j - 8 boomerangs of dispersal
 w - a throwing net
 F - 4 atropa-tipped darts
Armour
 s - a +0 cloak (worn)
 G - the +1 leather armour "Ticveecs" (worn) {Fly Regen+ Stlth-}
   (You found it on level 3 of the Dungeon)

   Fly:       It grants you flight.
   Regen:     It increases your rate of health regeneration.
   Stlth:     It makes you less stealthy.
 I - a +1 tower shield of cold resistance (worn)
 J - the +3 hat of Pondering (worn) {ponderous, Will+ MP+10 Int+5}
   (You found it in a Gauntlet)

   Int:       It affects your intelligence (+5).
   MP:        It affects your magic capacity (+10).
   Will:      It increases your willpower.
 K - the +0 pair of boots of Absence (worn) {rCorr Str+3}
   (You found it in an ice cave)

   Str:       It affects your strength (+3).
   rCorr:     It protects you from acid and corrosion.
 U - a +1 pair of gloves
Jewellery
 r - a ring of resist corrosion
 t - an amulet of regeneration (around neck)
 u - a ring of magical power (left hand)
 H - a +4 ring of slaying (right hand)
 N - a +4 ring of evasion
 P - a ring of see invisible
Wands
 b - a wand of polymorph (21)
 n - a wand of quicksilver (12)
 D - a wand of charming (19)
 L - a wand of flame (6)
 O - a wand of roots (10)
 T - a wand of mindburst (15)
Scrolls
 a - 2 scrolls of amnesia
 e - 8 scrolls of enchant armour
 f - 3 scrolls of silence
 i - a scroll of identify
 l - 6 scrolls of fog
 v - 2 scrolls of teleportation
 y - a scroll of fear
 B - a scroll of summoning
 Q - a scroll of immolation
Potions
 c - 2 potions of flight
 g - 4 potions of ambrosia
 h - 10 potions of curing
 k - 8 potions of heal wounds
 m - 5 potions of attraction
 o - a potion of invisibility
 p - 4 potions of brilliance
 q - 2 potions of magic
 x - 3 potions of lignification
 z - 6 potions of might
 A - 7 potions of mutation
 E - 4 potions of resistance
Miscellaneous
 R - a box of beasts
 Y - a lightning rod (4/4)


   Skills:
 + Level 4.8 Fighting
 + Level 4.5 Short Blades
 + Level 3.2 Staves
 + Level 1.0 Throwing
 + Level 6.0 Armour
 + Level 8.1 Dodging
 + Level 5.9 Stealth
 + Level 7.5 Shields
 + Level 14.2 Spellcasting
 + Level 12.6 Conjurations
 + Level 0.7 Hexes
 + Level 1.3 Transmutations
 + Level 0.7 Fire Magic
 + Level 1.5 Air Magic
 + Level 12.9 Earth Magic
 + Level 3.1 Poison Magic
 + Level 1.8 Evocations


You had one spell level left.
You knew the following spells:

 Your Spells              Type           Power      Damage    Failure   Level
a - Fulminant Prism       Conj/Hex       33%        3d16      9%          4
b - Stone Arrow           Conj/Erth      100%       3d13      1%          3
c - Passwall              Tmut/Erth      56%        N/A       1%          2
d - Mephitic Cloud        Conj/Pois/Air  62%        N/A       3%          3
e - Ignite Poison         Fire/Tmut/Pois 39%        N/A       19%         3
f - Teleport Other        Tloc           26%        N/A       36%         3
g - Petrify               Tmut/Erth      68%        N/A       7%          4
h - Olgreb's Toxic Radia  Pois           49%        N/A       34%         4
i - Dispel Undead         Necr           26%        3d13      77%         4
j - Freezing Cloud        Conj/Ice/Air   28%        6-21      45%         5
k - Frozen Ramparts       Ice            52%        1d8       36%         3
l - Hailstorm             Conj/Ice       64%        3d14      10%         4

Your spell library contained the following spells:

 Spells                   Type           Power      Damage    Failure   Level
 Magic Dart               Conj           100%       1d8       1%          1
 Sandblast                Erth           100%       2d20      1%          1
 Shock                    Conj/Air       100%       1d9       1%          1
 Sting                    Tmut/Pois      100%       1d8       4%          1
 Searing Ray              Conj           100%       2d8       1%          2
 Static Discharge         Conj/Air       68%        3-12/arc  1%          2
 Poisonous Vapours        Pois/Air       86%        N/A       8%          2
 Sticky Flame             Conj/Fire      66%        2d8       9%          4
 Call Imp                 Summ           26%        N/A       19%         2
 Swiftness                Air            37%        N/A       21%         3
 Borgnjor's Vile Clutch   Necr/Erth      32%        N/A       24%         5
 Gell's Gravitas          Tloc           26%        N/A       36%         3
 Lesser Beckoning         Tloc           26%        N/A       36%         3
 Airstrike                Air            18%        2d(3-19)  54%         4
 Corpse Rot               Necr/Pois/Air  37%        N/A       54%         4
 Ice Form                 Ice/Tmut       31%        N/A       67%         4
 Animate Dead             Necr           26%        N/A       77%         4
 Summon Ice Beast         Ice/Summ       26%        N/A       77%         4
 Alistair's Intoxication  Tmut/Pois      28%        N/A       80%         5
 Summon Forest            Summ/Tloc      13%        N/A       98%         5
 Death Channel            Necr           13%        N/A       100%        6
 Dispersal                Tloc           13%        N/A       100%        6
 Eringya's Noxious Bog    Tmut/Pois      21%        N/A       100%        6
 Simulacrum               Ice/Necr       13%        N/A       100%        6
 Haunt                    Necr/Summ      13%        N/A       100%        7
 Summon Hydra             Summ           13%        N/A       100%        7
 Disjunction              Tloc           13%        N/A       100%        8
 Infestation              Necr           13%        N/A       100%        8
 Polar Vortex             Ice            13%        N/A       100%        9


Dungeon Overview and Level Annotations

Branches:
Dungeon (15/15)            Temple (1/1) D:5            Lair (5/5) D:10
 Shoals (0/4) Lair:3       Spider (2/4) Lair:3        Slime (0/5) Lair:5
    Orc (2/2) D:12            Elf (0/3) Orc:2        Vaults (0/5) D:13
 Depths (0/4) D:15          Sewer (visited)           IceCv (visited)
Gauntlet (visited)

Altars:
Ashenzari
Cheibriados
Fedhas
Gozag
Hepliaklqana
Kikubaaqudgha
Makhleb
Nemelex Xobeh
Okawaru
Qazlal
Ru
Sif Muna
Trog
Uskayaw
Vehumet
Wu Jian
Xom
Yredelemnul
Jiyva

Shops:
D:4 ?   D:9 !   Orc:1 (   Orc:2 (?[[

Annotations:
D:11 2 transporters, kamileon1's ghost, journeyman VSCK
Spider:1 3 runed translucent doors, FizzleBangTC's ghost, journeyman MeEE


Innate Abilities, Weirdness & Mutations

You are mostly covered in molten scales. (AC +3)
Your demonic aura sometimes causes spilled blood to erupt in flames.
You are mostly covered in sharp spines.
Your touch may irresistibly damage your foes and sap their willpower.


Message History

The redback is lightly wounded.
The redback misses you. The wolf spider closely misses you.
The wolf spider completely misses you. The redback bites you!
The wolf spider hits your +9 spectral dagger!
Your spectral weapon shares its damage with you!
* * * LOW HITPOINT WARNING * * *
The wolf spider bites your +9 spectral dagger.
Your spectral weapon shares its damage with you!
* * * LOW HITPOINT WARNING * * *
The wolf spider is struck by your spines.
The wolf spider misses you. The wolf spider bites you.
* * * LOW HITPOINT WARNING * * *
The redback is engulfed in blazing flames.
The redback closely misses you.
The torpor snail is struck by your spines.
The torpor snail barely misses you. The wolf spider barely misses you. x2
The moth of wrath goads the wolf spider on!
The wolf spider goes berserk!
The redback is engulfed in blazing flames.
The redback is struck by your spines. The redback bites you!
* * * LOW HITPOINT WARNING * * *
Unknown command.
Unknown command.
Unknown command.
Unknown command.
Unknown command.
You are too confused!
You feel much better.
The wolf spider is struck by your spines.
The wolf spider hits you!!
* * * LOW HITPOINT WARNING * * *
The wolf spider bites you but does no damage.
The redback is engulfed in blazing flames.
The redback is struck by your spines. The redback bites you!
* * * LOW HITPOINT WARNING * * *
The wolf spider hits you but does no damage.
The wolf spider misses you.
The wolf spider hits you but does no damage.
The wolf spider bites you.
You die...

### #..##
##....##
#.....^#
##§....#
#.....##..
##..##ss.......
#.....w@.......
#.....ss†......
##...s.........
#...y.####...^
#. #...... ...
##.. #...... .#
#^.> #...... #
..# #...
#..##..
...##...
....##..


You could see a torpor snail, 2 wolf spiders, a moth of wrath, an orb spider, a
tarantella and a redback (berserk).

Vanquished Creatures
  An Ice Fiend (IceCv)
  An entropy weaver (Gauntlet)
  A spark wasp (Spider:2)
  A dire elephant (D:15)
  A minotaur (Gauntlet)
  5 boulder beetles
  8 vault guards (D:13)
  6 hydras
  3 two-headed ogres
  5 centaur warriors
  3 catoblepae
  4 death yaks (Lair:4)
  A tengu warrior (D:10)
  A shock serpent (shapeshifter) (D:15)
  Urug (Lair:3)
  5 orc high priests (Orc:2)
  A pharaoh ant (Spider:2)
  2 goliath frogs (Lair:5)
  A sea snake (shapeshifter) (D:14)
  4 skeletal warriors (D:15)
  4 spriggan simulacra (IceCv)
  An orb spider (Spider:1)
  A bog body (IceCv)
  2 wizards (D:15)
  9 orc knights
  An obsidian statue (IceCv)
  2 wolf spiders
  An oklob plant (Lair:1)
  12 ugly things
  9 cyclopes
  3 manticores
  2 orc sorcerers
  A salamander (D:15)
  2 black mambas
  An ice statue (D:14)
  11 elephants
  Joseph (D:7)
  A torpor snail (Spider:2)
  7 gargoyles
  20 cane toads
  An unseen horror (D:12)
  14 komodo dragons
  An efreet (Gauntlet)
  2 rime drakes
  An anaconda simulacrum (IceCv)
  An ice devil (IceCv)
  6 freezing wraiths (IceCv)
  3 golden dragon simulacra (IceCv)
  3 trolls (D:10)
  2 hornets
  2 tyrant leeches (Lair:5)
  11 slime creatures
  4 tarantellas
  21 blink frogs
  6 flying skulls (Gauntlet)
  4 jumping spiders
  2 shadows
  2 water elementals (D:13)
  3 culicivoras
  A vampire (D:10)
  2 wraiths
  38 yaks
  3 fire elementals (Gauntlet)
  A human (shapeshifter) (D:10)
  A basilisk (shapeshifter) (D:13)
  8 wyverns
  5 basilisks
  7 redbacks
  A steam dragon (D:10)
  Grum (D:9)
  3 minotaur simulacra (IceCv)
  13 vampire mosquitoes
  3 swamp worms (Lair:3)
  A hell hound (Gauntlet)
  2 wargs
  3 harpy simulacra (IceCv)
  Duvessa (D:7)
  Pargi (Sewer)
  16 water moccasins
  37 orc warriors
  2 sky beasts (D:7)
  6 black bears
  A black bear (shapeshifter) (D:15)
  3 ogres
  An alligator simulacrum (IceCv)
  7 wolves
  7 centaurs
  4 phantoms
  5 kobold brigands
  24 bullfrogs
  6 deep troll simulacra (IceCv)
  3 gnoll sergeants
  2 necrophages
  3 scorpions
  8 wights
  15 killer bees
  Dowan (D:7)
  7 howler monkeys
  7 electric eels
  3 hounds
  A jelly (D:5)
  2 gnoll boudas
  22 orc priests
  5 iguanas
  19 orc wizards
  5 hell rats (Lair:4)
  A hound zombie (D:2)
  13 gnolls
  4 adders
  2 shadow imps (D:8)
  4 white imps
  7 ufetubi
  3 adder zombies (D:2)
  2 dart slugs
  65 orcs
  12 ball pythons
  2 bat skeletons (D:2)
  A bat zombie (D:2)
  5 endoplasms
  5 giant cockroaches
  3 hobgoblins
  4 jackals (D:1)
  4 quokkas
  4 bats
  7 frilled lizards
  2 giant cockroach zombies (D:2)
  7 goblins
  2 jackal zombies (D:2)
  7 kobolds
  5 rats
  A spectral kobold (D:2)
  A butterfly (Lair:3)
  A fulminant prism (D:15)
726 creatures vanquished.

Vanquished Creatures (others)
  A slime creature (D:12)
  A yak (D:10)
  An orc wizard (D:7)
  27 demonic plants
  2 fulminant prisms
  37 fungi
  100 plants
169 creatures vanquished.

Grand Total: 895 creatures vanquished

Notes
Turn   | Place    | Note
-------+----------+-------------------------------------------
     0 | D:1      | DemonSlayer the Demonspawn Earth Elementalist began the
                  | quest for the Orb.
     0 | D:1      | Reached XP level 1. HP: 13/13 MP: 3/3
   211 | D:1      | Gained mutation: Your demonic aura sometimes causes spilled
                  | blood to erupt in flames. [demonic ancestry]
   211 | D:1      | Reached XP level 2. HP: 18/19 MP: 0/5
   959 | D:1      | Reached XP level 3. HP: 24/24 MP: 6/6
  1122 | D:1      | Learned a level 3 spell: Stone Arrow
  1125 | D:1      | Learned a level 2 spell: Passwall
  1356 | D:2      | Reached skill level 3 in Spellcasting
  1614 | D:2      | Gained mutation: You are partially covered in sharp spines.
                  | [demonic ancestry]
  1614 | D:2      | Reached XP level 4. HP: 25/30 MP: 6/8
  1684 | D:2      | Found a faded altar of an unknown god.
  1746 | D:2      | Found a shimmering altar of Xom.
  2027 | D:2      | Identified the +2 ring mail of Valiance {Harm rElec rF+
                  | Str-4}
  2299 | D:2      | Learned a level 3 spell: Mephitic Cloud
  2616 | D:3      | Found a glowing drain.
  2628 | Sewer    | Entered a sewer
  2761 | Sewer    | Noticed Pargi
  2764 | Sewer    | Killed Pargi
  2765 | Sewer    | Reached XP level 5. HP: 35/35 MP: 6/10
  3805 | D:4      | Reached XP level 6. HP: 23/41 MP: 0/11
  4020 | D:4      | Reached skill level 4 in Spellcasting
  4421 | D:4      | Found Leth's Magic Scroll Shoppe.
  4424 | D:4      | Bought a scroll of identify for 26 gold pieces
  4424 | D:4      | Bought a scroll of identify for 26 gold pieces
  4424 | D:4      | Bought a scroll of identify for 26 gold pieces
  4466 | D:4      | Found a hazy altar of Hepliaklqana.
  4970 | D:3      | Identified the +1 leather armour "Ticveecs" {Fly Regen+
                  | Stlth-}
  5061 | D:5      | Entered Level 5 of the Dungeon
  5066 | D:5      | Learned a level 3 spell: Ignite Poison
  5078 | D:5      | Found Zin's Purification Station.
  5089 | D:5      | Bought a potion of curing for 90 gold pieces
  5134 | D:5      | Reached skill level 5 in Earth Magic
  5134 | D:5      | Gained mutation: You are partially covered in molten
                  | scales. (AC +2) [demonic ancestry]
  5134 | D:5      | Reached XP level 7. HP: 47/47 MP: 0/13
  5258 | D:5      | Found a staircase to the Ecumenical Temple.
  5466 | Temple   | Entered the Ecumenical Temple
  5498 | Temple   | Became a worshipper of Cheibriados the Contemplative
  5600 | D:5      | Reached skill level 1 in Transmutations
  5614 | D:5      | Reached skill level 1 in Poison Magic
  5834 | D:5      | Learned a level 3 spell: Teleport Other
  5858 | D:6      | Reached skill level 5 in Spellcasting
  5985 | D:6      | Reached XP level 8. HP: 49/53 MP: 12/16
  6120 | D:6      | Reached skill level 1 in Armour
  6621 | D:7      | Reached skill level 6 in Spellcasting
  6687 | D:7      | Reached * piety under Cheibriados
  6775 | D:7      | Noticed Dowan
  6781 | D:7      | Killed Dowan
  6790 | D:7      | Reached skill level 1 in Conjurations
  6802 | D:7      | Noticed Duvessa
  6822 | D:7      | Killed Duvessa
  7301 | D:7      | Noticed Joseph
  7324 | D:7      | Killed Joseph
  7325 | D:7      | Reached skill level 1 in Fighting
  7325 | D:7      | Reached skill level 1 in Short Blades
  7325 | D:7      | Reached skill level 1 in Shields
  7663 | D:7      | Gained mutation: Your touch may inflict minor irresistible
                  | damage on your foes. [demonic ancestry]
  7663 | D:7      | Reached XP level 9. HP: 59/59 MP: 12/19
  7664 | D:7      | Reached skill level 7 in Spellcasting
  8549 | D:7      | Found an ancient bone altar of Kikubaaqudgha.
  8807 | D:8      | Reached ** piety under Cheibriados
  8807 | D:8      | Noticed a gargoyle
  8823 | D:8      | Noticed a two-headed ogre
 10377 | D:8      | Killed a two-headed ogre
 10378 | D:8      | Gained mutation: You are mostly covered in molten scales.
                  | (AC +3) [demonic ancestry]
 10378 | D:8      | Reached XP level 10. HP: 66/66 MP: 1/21
 10694 | D:8      | Killed a gargoyle
 10976 | D:8      | Learned a level 4 spell: Petrify
 10981 | D:8      | Learned a level 4 spell: Olgreb's Toxic Radiance
 11003 | D:9      | Noticed Grum
 11003 | D:9      | Noticed a gargoyle
 11250 | D:9      | Reached *** piety under Cheibriados
 11300 | D:9      | Reached skill level 1 in Air Magic
 11311 | D:9      | Killed Grum
 11312 | D:9      | Reached skill level 8 in Spellcasting
 11498 | D:9      | Killed a gargoyle
 11660 | D:9      | Found Xoatray's Distillery.
 11783 | D:9      | Bought a potion of heal wounds for 85 gold pieces
 11783 | D:9      | Bought a potion of magic for 136 gold pieces
 11783 | D:9      | Bought a potion of curing for 51 gold pieces
 11945 | D:9      | Reached **** piety under Cheibriados
 12254 | D:10     | Entered Level 10 of the Dungeon
 12346 | D:10     | Reached skill level 5 in Dodging
 12681 | D:10     | Gained mutation: You are mostly covered in sharp spines.
                  | [demonic ancestry]
 12681 | D:10     | Reached XP level 11. HP: 72/72 MP: 2/23
 12821 | D:10     | Found a staircase to the Lair.
 13023 | D:10     | Noticed a two-headed ogre
 13025 | D:10     | Killed a two-headed ogre
 13026 | D:10     | Reached skill level 9 in Spellcasting
 13026 | D:10     | Reached skill level 5 in Conjurations
 13032 | D:10     | Reached ***** piety under Cheibriados
 13567 | D:10     | Noticed a boulder beetle
 13579 | D:10     | Noticed a tengu warrior
 13587 | D:10     | Killed a tengu warrior
 13598 | D:10     | Killed a boulder beetle
 13599 | D:10     | Reached skill level 1 in Evocations
 14367 | Lair:1   | Entered Level 1 of the Lair of Beasts
 14458 | Lair:1   | Noticed an oklob plant
 14687 | Lair:1   | Reached XP level 12. HP: 81/81 MP: 24/25
 14752 | Lair:1   | Noticed a catoblepas
 14760 | Lair:1   | Killed a catoblepas
 15030 | Lair:1   | Reached skill level 5 in Stealth
 15834 | Lair:1   | Learned a level 4 spell: Dispel Undead
 15835 | Lair:1   | Identified a scroll of acquirement
 15836 | Lair:1   | Acquired 880 gold pieces
 16238 | Lair:1   | Reached skill level 10 in Spellcasting
 17670 | Lair:3   | Reached ****** piety under Cheibriados
 17952 | Lair:3   | Found a hole to the Spider Nest.
 18003 | Lair:3   | Noticed a catoblepas
 18010 | Lair:3   | Killed a catoblepas
 18011 | Lair:3   | Reached skill level 5 in Shields
 18011 | Lair:3   | Reached skill level 10 in Earth Magic
 18190 | Lair:3   | Noticed Urug
 18199 | Lair:3   | Killed Urug
 18200 | Lair:3   | Reached skill level 11 in Spellcasting
 18212 | Lair:3   | Reached XP level 13. HP: 54/86 MP: 2/28
 18590 | Lair:3   | Found a staircase to the Shoals.
 18857 | Lair:3   | Learned a level 5 spell: Freezing Cloud
 18954 | Lair:4   | Reached skill level 5 in Armour
 20106 | Lair:5   | Entered Level 5 of the Lair of Beasts
 21166 | Lair:5   | Reached skill level 10 in Conjurations
 21168 | Lair:5   | Reached skill level 12 in Spellcasting
 21391 | Lair:5   | Found a viscous altar of Jiyva.
 21392 | Lair:5   | Found a staircase to the Slime Pits.
 21593 | Lair:5   | HP: 4/88 [acid (8)]
 22018 | Lair:5   | Reached XP level 14. HP: 83/94 MP: 19/30
 22929 | D:11     | Found a transporter.
 22986 | D:11     | Noticed kamileon1's ghost (journeyman VSCK)
 23638 | D:11     | Found a transporter.
 23976 | D:11     | Learned a level 3 spell: Frozen Ramparts
 25140 | D:12     | Found a staircase to the Orcish Mines.
 25222 | D:12     | Learned a level 2 spell: Poisonous Vapours
 25278 | Orc:1    | Entered Level 1 of the Orcish Mines
 26050 | Orc:1    | Found Tolam's Antique Weapon Shoppe.
 26058 | Orc:1    | Bought a glimmering lajatang for 660 gold pieces
 26058 | Orc:1    | Identified the +8 lajatang "Dafiles" {freeze, rElec Int+3}
                  | (You bought it in a shop on level 1 of the Orcish Mines)
 26058 | Orc:1    | Bought a glowing triple crossbow for 429 gold pieces
 26306 | Orc:2    | Entered Level 2 of the Orcish Mines
 27555 | Orc:2    | Found a staircase to the Elven Halls.
 28002 | Orc:2    | Reached skill level 13 in Spellcasting
 28289 | Orc:2    | Found Meujolom's Magic Scroll Emporium.
 28289 | Orc:2    | Found Muclilaov's Antique Weapon Emporium.
 28290 | Orc:2    | Found Wirix's Armour Emporium.
 28290 | Orc:2    | Found Niwodir's Antique Armour Shoppe.
 28297 | Orc:2    | Bought a scroll of teleportation for 45 gold pieces
 28297 | Orc:2    | Bought a scroll of blinking for 112 gold pieces
 28300 | Orc:2    | Bought a pair of runed gloves for 210 gold pieces
 28308 | Orc:2    | Bought a warped scale mail for 252 gold pieces
 28308 | Orc:2    | Identified the +1 scale mail of Hide-and-Seek {Rampage
                  | Str+3 Dex-5} (You bought it in a shop on level 2 of the
                  | Orcish Mines)
 28612 | D:13     | Found a gate leading to a gauntlet.
 28624 | Gauntlet | Entered a Gauntlet
 28624 | Gauntlet | Found a transporter.
 28624 | Gauntlet | Found a transporter.
 28628 | Gauntlet | Found a transporter.
 28628 | Gauntlet | Found a transporter.
 28638 | Gauntlet | Found a transporter.
 28657 | Gauntlet | Found a transporter.
 28665 | Gauntlet | Found a transporter.
 28667 | Gauntlet | Found a transporter.
 28667 | Gauntlet | Found a transporter.
 28671 | Gauntlet | Found a transporter.
 28705 | Gauntlet | Found a transporter.
 28743 | Gauntlet | Found a transporter.
 28757 | Gauntlet | Found a transporter.
 28773 | Gauntlet | Found a transporter.
 28872 | Gauntlet | Found a transporter.
 28897 | Gauntlet | Found a transporter.
 29509 | Gauntlet | Identified the amulet "Tuaf" {RegenMP rN+}
 29755 | Gauntlet | Identified the amulet of the Kraken {Faith rPois}
 29837 | Gauntlet | Gained mutation: Your touch may inflict irresistible damage
                  | on your foes. [demonic ancestry]
 29837 | Gauntlet | Reached XP level 15. HP: 89/100 MP: 12/32
 29840 | Gauntlet | Found the +3 hat of Pondering {ponderous, Will+ MP+10
                  | Int+5}
 30323 | D:13     | Found a gate to the Vaults.
 31083 | D:13     | Identified the +7 hand axe of the Equinox {antimagic,
                  | Fragile rCorr Dex+3}
 31428 | D:13     | Learned a level 4 spell: Fulminant Prism
 31478 | D:14     | Reached skill level 1 in Throwing
 31490 | D:14     | Found a frozen archway.
 31613 | IceCv    | Entered an ice cave
 31840 | IceCv    | Noticed an Ice Fiend
 31846 | IceCv    | Killed an Ice Fiend
 32215 | IceCv    | Identified the +0 pair of boots of Absence {rCorr Str+3}
 33355 | D:15     | Entered Level 15 of the Dungeon
 33577 | D:15     | Reached skill level 1 in Staves
 33584 | D:15     | Identified the +2 leather armour of Dishonour {Rampage}
 34080 | D:15     | Reached skill level 14 in Spellcasting
 34367 | D:15     | Found a staircase to the Depths.
 34544 | D:15     | Learned a level 4 spell: Hailstorm
 34804 | Spider:1 | Entered Level 1 of the Spider Nest
 34971 | Spider:1 | Gained mutation: Your touch may irresistibly damage your
                  | foes and sap their willpower. [demonic ancestry]
 34971 | Spider:1 | Reached XP level 16. HP: 108/108 MP: 34/34
 35097 | Spider:1 | Noticed FizzleBangTC's ghost (journeyman MeEE)
 35105 | Spider:1 | Found a runed translucent gate.
 35105 | Spider:1 | Found a runed translucent gate.
 35105 | Spider:1 | Found a runed translucent gate.
 35117 | Spider:1 | You are sucked into a shaft and drop 1 floor!
 35392 | Spider:2 | Identified the +3 ring mail of Context {Int+2 Dex+4}
 35407 | Spider:1 | HP: 5/108 [redback[a torpor snail] (15)]
 35407 | Spider:1 | Slain by a wolf spider

Illustrated notes

Levels and vault maps discovered:
D:1:      dpeg_arrival_tiny_b, layout_basic, glass_columns_b, minivault_14,
          minmay_hedge_maze
D:2:      layout_loops_cross, dreamdust_ecumenical_altar_drowned_temple,
          basic_altar, serial_undead, serial_undead_d, serial_undead_f,
          serial_undead_a, serial_undead_a, serial_undead_e, serial_undead_e,
          serial_undead_d, serial_undead_d, serial_undead_a, serial_undead_d,
          dreamdust_wishing_well, minivault_24, grunt_ministairs_8
D:3:      layout_basic, gup_sewer_entry_glass, serial_glass, glass_columns_a,
          glass_columns_c, due_unseen_surprise, minmay_strange_pillars,
          item_on_display_a
D:4:      layout_loops_ring, marbit_many_paths, serial_shops,
          kennysheep_mini_moat
D:5:      layout_rooms, zin_purify, minmay_temple_entry_arrows
D:6:      layout_rooms
D:7:      minmay_polygon_palace, layout_basic, lemuel_round_altar, uniq_joseph,
          uniq_duvessa
D:8:      layout_basic, serial_demonic, serial_demonic_g, serial_demonic_a,
          serial_demonic_d, serial_demonic_f
D:9:      layout_cross, serial_shops, nicolae_shop_statue_plus, nrook_uturn,
          st_stairs_12, uniq_grum
D:10:     nzn_winding_woodlands_three_and_one
          [nzn_winding_woodlands_5x15_zeroes,
          nzn_winding_woodlands_5x15_sidewinder,
          nzn_winding_woodlands_5x15_pool,
          nzn_winding_woodlands_center_pierced_h], layout_basic,
          minmay_lair_entry_grove
D:11:     layout_loops_ring, nzn_ghost_randoct, minivault_11
D:12:     layout_rooms, david_orc_4
D:13:     layout_basic, erik_vaults_2, gauntlet_entry_generic
D:14:     layout_gridville, portal_ice_cave_entry_ice_statue_one,
          roderic_lattice_octagonal_star
D:15:     hangedman_depths_entry_try_elsewhere_first, layout_long_grid,
          minivault_27, minivault_26
Temple:   hellmonk_temple_of_storms
Lair:1:   layout_layer_cave, enter_volcano_2
Lair:2:   layout_regular_city, grunt_megastairs_4, infiniplex_staircase_pool
Lair:3:   wander_river, layout_hall_layers, shoals_dummy_entry,
          spider_nest_entry_web_field, worms_lemuel, lemuel_fruit_fields,
          uniq_urug
Lair:4:   layout_loops_ring
Lair:5:   minmay_lair_end_frog_pond, layout_gridlike, slime_entry_1
Spider:1: layout_spider_delve, gammafunk_ghost_split
Spider:2: nicolae_spider_hall_of_the_moth_king
Orc:1:    layout_caves, serial_shops, nicolae_diamond_shop
Orc:2:    st_orc_pillars, layout_caves, basic_altar

Skill      XL: |  1  2  3  4  5  6  7  8  9 10 11 12 13 14 15 |
---------------+----------------------------------------------+-----
Earth Magic    | 3 4 5 6 7 8 9 10 11 12 | 12.9
Spellcasting   | 3 4 5 6 7 8 9 11 12 13 14 | 14.2
Stealth        | 2 3 4 5 |  5.9
Dodging        | 2 3 4 5 6 7 8 |  8.1
Transmutations | 1 |  1.3
Poison Magic   | 1 2 3 |  3.1
Armour         | 2 3 4 5 6 |  6.0
Conjurations   | 1 3 4 6 8 10 11 12 | 12.6
Fighting       | 1 3 4 |  4.8
Short Blades   | 1 2 3 4 |  4.5
Shields        | 1 2 3 4 5 6 7 |  7.5
Air Magic      | 1 |  1.5
Evocations     | 1 |  1.8
Throwing       | 1 |  1.0
Staves         | 3 |  3.2
Hexes          | |  0.7
Fire Magic     | |  0.7

Action                   |  1- 3 |  4- 6 |  7- 9 | 10-12 | 13-15 | 16-18 || total
-------------------------+-------+-------+-------+-------+-------+-------++-------
Melee: Dagger            |    16 |    29 |    62 |   121 |   199 |    15 ||   442
       Punch             |     1 |     1 |       |       |       |       ||     2
       Lajatang          |       |       |       |       |    61 |       ||    61
Throw: Dart              |       |       |     7 |       |     7 |       ||    14
       Throwing net      |       |       |       |     1 |     2 |       ||     3
       Boomerang         |       |       |       |       |     1 |       ||     1
 Cast: Sandblast         |    53 |    48 |    59 |       |       |       ||   160
       Mephitic Cloud    |       |     1 |     1 |     4 |    12 |       ||    18
       Stone Arrow       |       |     3 |    77 |   251 |   701 |    19 ||  1051
       Passwall          |       |     2 |       |       |       |       ||     2
       Ignite Poison     |       |       |       |     1 |     6 |       ||     7
       Olgreb's Toxic Ra |       |       |       |       |    14 |       ||    14
       Poisonous Vapours |       |       |       |       |     2 |       ||     2
       Petrify           |       |       |       |       |     1 |       ||     1
       Fulminant Prism   |       |       |       |       |     3 |       ||     3
       Frozen Ramparts   |       |       |       |       |     1 |       ||     1
Evoke: Wand              |       |       |     5 |    10 |       |       ||    15
       Box of beasts     |       |       |       |       |     1 |       ||     1
  Use: Scroll            |       |     6 |    18 |    18 |     8 |       ||    50
       Potion            |       |       |     4 |       |     5 |     1 ||    10
 Stab: Sleeping          |     5 |     7 |     1 |       |     6 |       ||    19
       Invisible         |       |       |     1 |       |       |       ||     1
       Distracted        |       |       |       |     1 |     3 |       ||     4
       Petrifying        |       |       |       |       |     1 |       ||     1
Armor: Robe              |     7 |     5 |       |       |       |       ||    12
       Leather armour    |       |     3 |    45 |    67 |   136 |    12 ||   263
Dodge: Dodged            |    22 |    34 |    82 |   172 |   585 |    42 ||   937
Block: Buckler           |       |     7 |    48 |   133 |   311 |       ||   499
       Tower shield      |       |       |       |       |    15 |    38 ||    53
